 Dungeon Crawl Stone Soup version 0.27.1-2-g3b301248ec (webtiles) character file.

Game seed: 8420443031250866179

44 Borgoz the Skirmisher (level 3, -3/36 HPs)
             Began as a Gargoyle Berserker on Sept 26, 2021.
             Was a Follower of Trog.
             Killed from afar by a gnoll (11 damage)
             ... with a puff of flame
             ... on level 4 of the Dungeon.
             The game lasted 00:01:19 (2109 turns).

Borgoz the Skirmisher (Gargoyle Berserker)          Turns: 2109, Time: 00:01:20

Health: -3/36      AC:  9    Str: 20    XL:     3   Next: 60%
Magic:  3/3        EV: 11    Int:  7    God:    Trog [*.....]
Gold:   112        SH:  0    Dex: 10    Spells: 2/2 levels left

rFire    . . .     SeeInvis .   a - +0 mace
rCold    . . .     Faith    .   (no shield)
rNeg     + . .     Spirit   .   i - +0 ring mail
rPois    ∞         Reflect  .   (no helmet)
rElec    +         Harm     .   (no cloak)
rCorr    .         Rampage  .   (no gloves)
Will     .....                  e - +0 pair of boots
Stlth    ..........             (no amulet)
HPRegen  0.12/turn              (no ring)
MPRegen  0.08/turn              (no ring)

@: berserking, very quick
A: sickness immunity, AC +3, negative energy resistance 1, electricity
resistance, torment resistance 1, petrification resistance
a: Renounce Religion, Berserk


You were on level 4 of the Dungeon.
You worshipped Trog.
Trog was aware of your devotion.
You visited 1 branch of the dungeon, and saw 5 of its levels.

You collected 112 gold pieces.

Inventory:

Hand Weapons
 a - a +0 mace (weapon)
Missiles
 h - a throwing net (quivered)
Armour
 e - a +0 pair of boots (worn)
 i - a +0 ring mail (worn)
Wands
 j - a wand of polymorph (9)
Scrolls
 f - a scroll of amnesia {unknown}
 g - 2 scrolls of identify {unknown}
 k - a scroll of enchant weapon {unknown}
 l - a scroll of holy word {unknown}
Potions
 b - a potion of magic {unknown}
 c - a potion of degeneration {unknown}
 d - a potion of flight {unknown}


   Skills:
 + Level 3.7 Fighting
 + Level 3.4 Maces & Flails
 + Level 2.8 Armour
 + Level 2.0 Dodging


You had 2 spell levels left.
You didn't know any spells.
Your spell library was empty.

Dungeon Overview and Level Annotations

Branches:
Dungeon (5/15)
 Temple: D:4-7

Altars:
Wu Jian

Shops:
D:4 =


Innate Abilities, Weirdness & Mutations

You are immune to sickness and miasma.
Your stone body is resilient. (AC +3)
You are immune to poison.
You resist negative energy. (rN+)
You are resistant to electric shocks. (rElec)
You are resistant to unholy torment.
You are immune to petrification.


Message History

A giant cockroach is nearby!
Found 5 gold pieces.
You fall into a shaft and drop 2 floors!
The shaft crumbles and collapses.
Found two stone staircases leading up.
There is a stone staircase leading up here.
You climb upwards.
Found three items.
Found Ruerchuz's Jewellery Boutique.
There is a stone staircase leading down here.
k - a scroll labelled HOSAHA CUCEBO
There is an entrance to Ruerchuz's Jewellery Boutique here.
l - a scroll labelled QISTOT QEKE A gnoll comes into view.
It is wielding a +0 flail and carrying a wand of flame (22).
The gnoll shouts!
You hear a shout!
A gnoll comes into view. It is wielding a +0 whip.
The gnoll zaps a wand.
The puff of flame hits you!
There are monsters nearby!
A hobgoblin comes into view.
Okay, then.
The gnoll zaps a wand.
The puff of flame hits you!
The hobgoblin shouts!
A gnoll comes into view. It is wielding a +0 halberd.
You are too injured to fight recklessly!
You are too injured to fight recklessly!
You are too injured to fight recklessly!
A red film seems to cover your vision as you go berserk!
You feel yourself moving faster!
You feel mighty! The gnoll hits you but does no damage.
You are too injured to fight recklessly!
You barely miss the gnoll. The hobgoblin misses you.
The gnoll barely misses you.
You closely miss the gnoll. The gnoll hits you with a +0 flail!
* * * LOW HITPOINT WARNING * * *
The gnoll barely misses you.
The hobgoblin hits you but does no damage.
You are too injured to fight recklessly!
You are too injured to fight recklessly!
You closely miss the gnoll. The gnoll completely misses you.
The gnoll zaps a wand.
The puff of flame hits you!
You die...

##. #.. #..... ...#
#.##...... ...#
.##.#....... ## #..#
####....#....... #..
..###.....#.#.......
...##.#.....# #.#.......
...#..#....####.#g......
................@g......
.............##g#g......
.............##.#.......
........)...............
#.........∩....##.......
#...>..........# #......
#............### #.....
#............# #####
#########....#


You could see 3 gnolls and a hobgoblin.

Vanquished Creatures
  An adder (D:2)
  2 dart slugs
  5 bats
  4 endoplasms
  A giant cockroach (D:2)
  3 goblins
  2 hobgoblins
  A quokka (D:2)
  2 ball pythons (D:2)
  3 frilled lizards
  2 kobolds (D:1)
  2 rats
28 creatures vanquished.

Notes
Turn   | Place    | Note
-------+----------+-------------------------------------------
     0 | D:1      | Borgoz the Gargoyle Berserker began the quest for the Orb.
     0 | D:1      | Reached XP level 1. HP: 14/14 MP: 1/1
   323 | D:1      | Reached XP level 2. HP: 9/19 MP: 2/2
   639 | D:1      | Found a faded altar of an unknown god.
  1414 | D:2      | Reached XP level 3. HP: 22/23 MP: 3/3
  1475 | D:2      | Found an ornate altar of the Wu Jian Council.
  2074 | D:3      | You fall into a shaft and drop 2 floors!
  2074 | D:5      | Entered Level 5 of the Dungeon
  2079 | D:4      | Found Ruerchuz's Jewellery Boutique.
  2109 | D:4      | Killed from afar by a gnoll

Illustrated notes

Levels and vault maps discovered:
D:1:      eino_arrival_tree_alley, layout_basic,
          hellmonk_ecumenical_altar_run_dry, minmay_misc_feat_rugged,
          columned_hall_lemuel
D:2:      layout_rooms, basic_altar, moated_statue, dk_noncrumbling_2,
          eino_tiny_chamber
D:3:      layout_basic, mainiacjoe_overflow_big_doors
D:4:      layout_rooms, serial_shops, shop,
          nicolae_shop_competitors_out_of_business, nicolae_inconvenience_store
D:5:      gammafunk_wand_slinger, layout_loops_corners,
          minmay_temple_entry_crystal_x, guppyfry_shop_venom, uniq_grinder

Skill      XL: |  1  2 |
---------------+-------+-----
Dodging        | 2 |  2.0
Fighting       | |  3.7
Maces & Flails | |  3.4
Armour         | |  2.8

Action                   || total
-------------------------++-------
Melee: Mace              ||    93
Invok: Berserk           ||     2
Armor: Animal skin       ||    29
       Ring mail         ||     3
Dodge: Dodged            ||    65
